 Dungeon Crawl Stone Soup version 0.18-a0-1677-g2bdad6c (webtiles) character file.

372 Gambler the Insei (level 6, -4/47 HPs)
             Began as a Demonspawn Wanderer on Apr 2, 2016.
             Slain by a wraith (8 damage)
             ... in an ossuary.
             The game lasted 00:07:22 (2856 turns).

Gambler the Insei (Demonspawn Wanderer)             Turns: 2856, Time: 00:07:25

Health: -4/47      AC:  5    Str: 10 (12) XL:     6   Next: 43%
Magic:  6/6        EV:  9    Int: 11 (12) God:
Gold:   228        SH:  0    Dex: 13 (16) Spells: 0 memorised, 5 levels left

rFire  . . .     SeeInvis .       - Unarmed
rCold  + . .     Gourm    +     n - +0 ring mail
rNeg   . . .     Faith    .     (no shield)
rPois  .         Spirit   .     (helmet restricted)
rElec  .         Dismiss  .     (no cloak)
rCorr  .         Reflect  .     (no gloves)
SustAt .         Harm     .     (no boots)
MR     .....                    E - amulet of the gourmand
Stlth  +.........               (no ring)
                                (no ring)

@: drained, not resistant to hostile enchantments, very unstealthy
A: antennae 1, claws 1, talons 1, cold resistance 1, spiny 1
a: no special abilities


You were in an ossuary.
You were hungry.

You visited 1 branch of the dungeon, and saw 4 of its levels.
You also visited: Ossuary.

You collected 228 gold pieces.

Inventory:

Hand Weapons
 a - a +2 hand crossbow
Missiles
 b - 17 bolts
Armour
 e - a +0 robe
 n - a +0 ring mail (worn)
Jewellery
 E - an amulet of the gourmand (around neck)
Wands
 t - a wand of digging (14/24)
Scrolls
 h - 2 scrolls of fear {unknown}
 l - a scroll of enchant armour {unknown}
 m - a scroll of remove curse {unknown}
 o - 7 scrolls of identify {unknown}
 p - a scroll of enchant weapon {unknown}
 s - a scroll of teleportation
Potions
 v - a potion of cure mutation {unknown}
 x - a potion of resistance {unknown}
 A - a potion of agility {unknown}
 B - a potion of ambrosia {unknown}
Books
 c - the Compendium of Shape Shifting

   Spells                             Type                      Level
   a - Beastly Appendage              Transmutation                1
   b - Ignite Poison                  Fire/Transmutation/Poison    3
 d - Sif Muna's Disquisition on the Blaze

   Spells                             Type                      Level
   a - Flame Tongue                   Conjuration/Fire             1
   b - Conjure Flame                  Conjuration/Fire             3
Comestibles
 f - 4 bread rations
 i - 2 beef jerkies
 q - 2 meat rations


   Skills:
 - Level 3.6(3.3) Fighting
 - Level 1.7(1.5) Crossbows
 - Level 1.0(0.8) Stealth
   Level 1.0(0.8) Shields
 + Level 5.6(5.4) Unarmed Combat
   Level 1.0(0.8) Summonings
   Level 1.7(1.5) Fire Magic


You had 5 spell levels left.
You didn't know any spells.

Dungeon Overview and Level Annotations

Branches:
Dungeon (4/15)
 Temple: D:4-7

Altars:
Cheibriados
Dithmenos
Pakellas
Qazlal


Innate Abilities, Weirdness & Mutations

You have a pair of small antennae on your head.
You have sharp fingernails.
You have sharp toenails.
Your flesh is cold resistant.
You are partially covered in sharp spines.


Message History

You feel very buoyant.
You fly up into the air.
The wraith barely misses you.
Drink which item? (? for menu, Esc to quit)
You feel better. The wraith is struck by your spines. The wraith hits you!
* * * LOW HITPOINT WARNING * * *
The wraith drains your vigour!
You feel as though you will be slow longer.
Drink which item? (? for menu, Esc to quit)
It was a potion of lignification.
You turn into a tree.
Your +0 ring mail melds into your body.
Your roots penetrate the ground.
The wraith hits you but does no damage. x2
Drink which item? (? for menu, Esc to quit)
It was a potion of cancellation.
Your magical effects are unravelling.
You feel magically purged.
You feel less woody.
Your +0 ring mail unmelds from your body.
You feel yourself speed up. The wraith hits you!
You die...

#### .. ...##
...#####...##
.##...##...## .
##...?.##...# ..
#...!?..#@..+
...##.!?!.##W..#
#...##...##...##
#...##'##...## .
. #.........##...
..#####§#####....
.....§§§§........
......§W§§.......
######§§§########


You could see a wraith.

Vanquished Creatures
  3 wights
  An orc priest (D:3)
  Jessica (D:3)
  An iguana (D:4)
  Terence (D:3)
  An orc wizard (D:3)
  A mummy (Ossuary)
  3 adders
  3 worms
  3 dart slugs
  2 giant geckos
  6 orcs (D:3)
  3 giant cockroaches
  5 goblins
  8 hobgoblins
  A jackal (D:3)
  5 ball pythons (D:3)
  3 bats
  4 giant newts
  2 gnoll skeletons (Ossuary)
  A kobold (D:2)
  3 kobold skeletons (Ossuary)
  4 orc skeletons (Ossuary)
  6 rats
71 creatures vanquished.

Vanquished Creatures (others)
  A quokka (D:3)
1 creature vanquished.

Grand Total: 72 creatures vanquished

Notes
Turn   | Place    | Note
--------------------------------------------------------------
     0 | D:1      | Gambler the Demonspawn Wanderer began the quest for the Orb.
     0 | D:1      | Gambler set off with: a +2 hand crossbow, 26 bolts, the Compendium of Shape Shifting, Sif Muna's Disquisition on the Blaze, a +0 robe, a bread ration
     0 | D:1      | Reached XP level 1. HP: 18/18 MP: 1/1
     0 | D:1      | Identified the Compendium of Shape Shifting
     0 | D:1      | Identified Sif Muna's Disquisition on the Blaze
     2 | D:1      | Noticed a vine stalker
     2 | D:1      | Noticed a gargoyle
     4 | D:1      | Noticed a halfling
     6 | D:1      | Noticed an octopode
     6 | D:1      | Noticed a demonspawn
     8 | D:1      | Noticed a formicid
     8 | D:1      | Noticed a merfolk
    10 | D:1      | Noticed a human
    12 | D:1      | Noticed a spriggan
    12 | D:1      | Noticed a centaur
    14 | D:1      | Noticed a dwarf
    16 | D:1      | Noticed a draconian
    16 | D:1      | Noticed a demigod
    18 | D:1      | Noticed a naga
    18 | D:1      | Noticed a tengu
    20 | D:1      | Noticed a ghoul
    20 | D:1      | Noticed an elf
    22 | D:1      | Noticed a troll
    24 | D:1      | Noticed a felid
    24 | D:1      | Noticed a minotaur
    26 | D:1      | Noticed a vampire
    26 | D:1      | Noticed an ogre
   184 | D:1      | Gained mutation: You have sharp fingernails. [demonic ancestry]
   184 | D:1      | Reached XP level 2. HP: 24/24 MP: 2/2
   697 | D:1      | Reached skill level 1 in Unarmed Combat
   780 | D:2      | Found a snail-covered altar of Cheibriados.
   983 | D:2      | Found an oddly glowing altar of Pakellas.
  1103 | D:2      | Gained mutation: Your flesh is cold resistant. [demonic ancestry]
  1103 | D:2      | Reached XP level 3. HP: 29/29 MP: 3/3
  1328 | D:2      | Reached skill level 2 in Unarmed Combat
  1397 | D:3      | Noticed Jessica
  1401 | D:3      | Killed Jessica
  1401 | D:3      | Gained mutation: You have a pair of small antennae on your head. [demonic ancestry]
  1401 | D:3      | Reached XP level 4. HP: 36/36 MP: 4/4
  1476 | D:3      | Noticed Terence
  1476 | D:3      | Reached skill level 3 in Unarmed Combat
  1491 | D:3      | Killed Terence
  1544 | D:3      | Gained mutation: You are partially covered in sharp spines. [demonic ancestry]
  1544 | D:3      | Reached XP level 5. HP: 23/41 MP: 5/5
  1650 | D:3      | Reached skill level 4 in Unarmed Combat
  1947 | D:3      | Found a stormy altar of Qazlal.
  2375 | D:3      | Reached skill level 5 in Unarmed Combat
  2440 | D:3      | Gained mutation: You have sharp toenails. [demonic ancestry]
  2440 | D:3      | Reached XP level 6. HP: 46/47 MP: 6/6
  2481 | D:3      | Found a shadowy altar of Dithmenos.
  2662 | D:4      | Found a sand-covered staircase.
  2671 | Ossuary  | Entered an ossuary
  2671 | Ossuary  | Noticed a wraith
  2671 | Ossuary  | Noticed a wraith
  2671 | Ossuary  | Noticed a wraith
  2835 | Ossuary  | Noticed a wraith
  2856 | Ossuary  | Slain by a wraith

Vault maps used:
D:1:      kb_arrival_jail, minivault_24
D:2:      cheibriados_altar_1, first_bread, johnstein_pakellas_dig
D:3:      grunt_qazlal_clouds, lemuel_round_altar, minmay_close_crescents,
          uniq_terence, uniq_jessica
D:4:      grunt_temple_overflow_bloody_war, old_standard_altar,
          minmay_temple_entry_mist, nicolae_ossuary_entry_monument,
          minmay_mini_jars
Ossuary:  ossuary_due_mausoleum

Skill      XL: |  1  2  3  4  5 |
---------------+----------------+-----
Unarmed Combat | 1 2 3 5 |  5.6
Fighting       | |  3.6
Crossbows      | |  1.7
Stealth        | |  1.0
Shields        | |  1.0
Summonings     | |  1.0
Fire Magic     | |  1.7

Action                   |  1- 3 |  4- 6 || total
-------------------------+-------+-------++-------
Melee: Unarmed           |       |    77 ||    77
 Fire: Hand crossbow     |    55 |    45 ||   100
  Use: Potion            |       |     9 ||     9
       Scroll            |       |     4 ||     4
  Eat: Chunk             |     1 |     4 ||     5
